Workbook

Sheet Read me
B4: New enterprise build-up
B5: Farm CFO by Clunes Rural
B6: Version 1.0, October 2026
B8: What this template is for
B9: A five year budget for adding a new enterprise beside the existing farm, such as a breeding herd, a piggery unit or a prime lamb flock. It covers capital costs, starting stock, the build-up of numbers to full scale, margin per unit, extra overheads and labour, cash put in, and interest on the running balance. It shows the peak funding needed and the payback year. Year 1 is shown month by month because that is usually when funding is tightest.
B11: How to use it
B12: 1. Go to the Assumptions sheet. Enter the enterprise, the unit (for example cows or sows), full scale, the interest rate, the cash the existing farm will put in, and the first financial year.
B13: 2. Enter, for each year, the scale reached as a % of full scale, the margin per unit, extra overheads and labour, and stock purchased with the price per head.
B14: 3. List the capital costs by year, and for Year 1 choose the month each one is paid. Choose the month Year 1 stock is bought and enter how Year 1 margin falls by month (the % must add to 100%).
B15: 4. Read the Year 1 monthly and Five year build-up sheets: running balance, interest, peak funding needed and payback year.
B16: 5. Replace every blue example figure with your own.
B18: How it works
... B41: General information only. This template doesn't take account of your circumstances. Farm CFO is a business name of Levelhead Capital Pty Ltd (ABN 15 703 134 918). farmcfo.com.au · 0412 759 847

Sheet Assumptions
A1: New enterprise build-up: assumptions
A2: Amounts in AUD excluding GST.
A3: Blue figures on a sand fill are inputs. Example, replace with your own: the figures shown are examples for illustration only.
A5: Enterprise | B5: Angus breeding herd beside the existing sheep and cropping farm | C5: Kurrajong Creek Pastoral (an invented example farm)
A6: Unit | B6: cows
A7: Full scale (units) | B7: 300
A8: Borrowing interest rate | B8: 0.075
A9: Cash put in by the existing farm (July, Year 1) | B9: 200000
A10: First financial year (year ending 30 June) | B10: 2027
A11: Month Year 1 stock is bought | B11: Oct
A12: Value per unit at end of Year 5 (for reference) | B12: 2000
A14: By year | B14: Year 1 | C14: Year 2 | D14: Year 3 | E14: Year 4 | F14: Year 5 | H14: Notes
A15: Financial year | B15: =(Assumptions!$B$10-1)&"-"&RIGHT(Assumptions!$B$10,2) -> 2026-27 | C15: =(Assumptions!$B$10+1-1)&"-"&RIGHT(Assumptions!$B$10+1,2) -> 2027-28 | D15: =(Assumptions!$B$10+2-1)&"-"&RIGHT(Assumptions!$B$10+2,2) -> 2028-29 | E15: =(Assumptions!$B$10+3-1)&"-"&RIGHT(Assumptions!$B$10+3,2) -> 2029-30 | F15: =(Assumptions!$B$10+4-1)&"-"&RIGHT(Assumptions!$B$10+4,2) -> 2030-31
A16: Scale reached (% of full scale) | B16: 0.4 | C16: 0.65 | D16: 0.85 | E16: 1 | F16: 1
A17: Margin per unit ($) | B17: 200 | C17: 320 | D17: 420 | E17: 550 | F17: 550 | H17: Lower early on while females are kept back
A18: Extra overheads ($) | B18: 8000 | C18: 10000 | D18: 12000 | E18: 12000 | F18: 12000 | H18: Insurance, R&M, vehicle, extra rates
A19: Extra labour ($) | B19: 10000 | C19: 15000 | D19: 20000 | E19: 20000 | F19: 20000 | H19: Casual labour, including super
A20: Stock purchased (head) | B20: 120 | C20: 50 | D20: 30 | E20: 0 | F20: 0 | H20: Starting stock in Year 1
A21: Price per head purchased ($) | B21: 2000 | C21: 2000 | D21: 2000 | E21: 2000 | F21: 2000
A23: Capital costs ($) | B23: Year 1 month | C23: Year 1 | D23: Year 2 | E23: Year 3 | F23: Year 4 | G23: Year 5 | H23: Notes
A24: Boundary and internal fencing | B24: Aug | C24: 60000 | D24: 20000 | E24: 0 | F24: 0 | G24: 0
A25: Water points and pipeline | B25: Sep | C25: 40000 | D25: 0 | E25: 0 | F25: 0 | G25: 0
A26: Cattle yards and crush | B26: Oct | C26: 60000 | D26: 0 | E26: 0 | F26: 0 | G26: 0
A27: Bulls | B27: Nov | C27: 36000 | D27: 0 | E27: 9000 | F27: 0 | G27: 0 | H27: 4 bulls in Year 1
A28: Pasture establishment | B28: Apr | C28: 30000 | D28: 20000 | E28: 0 | F28: 0 | G28: 0
A32: Total capital costs | C32: =SUM(C24:C31) -> 226000 | D32: =SUM(D24:D31) -> 40000 | E32: =SUM(E24:E31) -> 9000 | F32: =SUM(F24:F31) -> 0 | G32: =SUM(G24:G31) -> 0
A34: Year 1 margin by month | B34: Share of Year 1 margin | H34: Notes
A35: Jul | B35: 0 | H35: Months when the margin is received, for example sale months
A36: Aug | B36: 0
A37: Sep | B37: 0
A38: Oct | B38: 0
A39: Nov | B39: 0
A40: Dec | B40: 0
A41: Jan | B41: 0
A42: Feb | B42: 0.3
A43: Mar | B43: 0.4
A44: Apr | B44: 0
A45: May | B45: 0.3
A46: Jun | B46: 0
A47: Total (must add to 100%) | B47: =SUM(B35:B46) -> 1

Sheet Year 1 monthly
A1: Year 1 monthly cashflow
A2: Calculated from the Assumptions sheet. Amounts in AUD excluding GST.
A4: Year 1 | B4: Jul | C4: Aug | D4: Sep | E4: Oct | F4: Nov | G4: Dec | H4: Jan | I4: Feb | J4: Mar | K4: Apr | L4: May | M4: Jun | N4: Year 1 total
A5: Gross margin | B5: ='Five year build-up'!$B$8*Assumptions!$B$35 -> 0 | C5: ='Five year build-up'!$B$8*Assumptions!$B$36 -> 0 | D5: ='Five year build-up'!$B$8*Assumptions!$B$37 -> 0 | E5: ='Five year build-up'!$B$8*Assumptions!$B$38 -> 0 | F5: ='Five year build-up'!$B$8*Assumptions!$B$39 -> 0 | G5: ='Five year build-up'!$B$8*Assumptions!$B$40 -> 0 | H5: ='Five year build-up'!$B$8*Assumptions!$B$41 -> 0 | I5: ='Five year build-up'!$B$8*Assumptions!$B$42 -> 7200 | J5: ='Five year build-up'!$B$8*Assumptions!$B$43 -> 9600 | K5: ='Five year build-up'!$B$8*Assumptions!$B$44 -> 0 | L5: ='Five year build-up'!$B$8*Assumptions!$B$45 -> 7200 | M5: ='Five year build-up'!$B$8*Assumptions!$B$46 -> 0 | N5: =SUM(B5:M5) -> 24000
A6: Less extra overheads | B6: ='Five year build-up'!$B$9/12 -> 666.66667 | C6: ='Five year build-up'!$B$9/12 -> 666.66667 | D6: ='Five year build-up'!$B$9/12 -> 666.66667 | E6: ='Five year build-up'!$B$9/12 -> 666.66667 | F6: ='Five year build-up'!$B$9/12 -> 666.66667 | G6: ='Five year build-up'!$B$9/12 -> 666.66667 | H6: ='Five year build-up'!$B$9/12 -> 666.66667 | I6: ='Five year build-up'!$B$9/12 -> 666.66667 | ... M6: ='Five year build-up'!$B$9/12 -> 666.66667 | N6: =SUM(B6:M6) -> 8000
A7: Less extra labour | B7: ='Five year build-up'!$B$10/12 -> 833.33333 | C7: ='Five year build-up'!$B$10/12 -> 833.33333 | D7: ='Five year build-up'!$B$10/12 -> 833.33333 | E7: ='Five year build-up'!$B$10/12 -> 833.33333 | F7: ='Five year build-up'!$B$10/12 -> 833.33333 | G7: ='Five year build-up'!$B$10/12 -> 833.33333 | H7: ='Five year build-up'!$B$10/12 -> 833.33333 | I7: ='Five year build-up'!$B$10/12 -> 833.33333 | ... M7: ='Five year build-up'!$B$10/12 -> 833.33333 | N7: =SUM(B7:M7) -> 10000
A8: Net operating cash | B8: =B5-B6-B7 -> -1500 | C8: =C5-C6-C7 -> -1500 | D8: =D5-D6-D7 -> -1500 | E8: =E5-E6-E7 -> -1500 | F8: =F5-F6-F7 -> -1500 | G8: =G5-G6-G7 -> -1500 | H8: =H5-H6-H7 -> -1500 | I8: =I5-I6-I7 -> 5700 | ... M8: =M5-M6-M7 -> -1500 | N8: =SUM(B8:M8) -> 6000
A9: Less capital costs | B9: =SUMIF(Assumptions!$B$24:$B$31,"Jul",Assumptions!$C$24:$C$31) -> 0 | C9: =SUMIF(Assumptions!$B$24:$B$31,"Aug",Assumptions!$C$24:$C$31) -> 60000 | D9: =SUMIF(Assumptions!$B$24:$B$31,"Sep",Assumptions!$C$24:$C$31) -> 40000 | E9: =SUMIF(Assumptions!$B$24:$B$31,"Oct",Assumptions!$C$24:$C$31) -> 60000 | F9: =SUMIF(Assumptions!$B$24:$B$31,"Nov",Assumptions!$C$24:$C$31) -> 36000 | G9: =SUMIF(Assumptions!$B$24:$B$31,"Dec",Assumptions!$C$24:$C$31) -> 0 | H9: =SUMIF(Assumptions!$B$24:$B$31,"Jan",Assumptions!$C$24:$C$31) -> 0 | I9: =SUMIF(Assumptions!$B$24:$B$31,"Feb",Assumptions!$C$24:$C$31) -> 0 | J9: =SUMIF(Assumptions!$B$24:$B$31,"Mar",Assumptions!$C$24:$C$31) -> 0 | K9: =SUMIF(Assumptions!$B$24:$B$31,"Apr",Assumptions!$C$24:$C$31) -> 30000 | L9: =SUMIF(Assumptions!$B$24:$B$31,"May",Assumptions!$C$24:$C$31) -> 0 | M9: =SUMIF(Assumptions!$B$24:$B$31,"Jun",Assumptions!$C$24:$C$31) -> 0 | N9: =SUM(B9:M9) -> 226000
A10: Less stock purchases | B10: =IF(Assumptions!$B$11="Jul",'Five year build-up'!$B$13,0) -> 0 | C10: =IF(Assumptions!$B$11="Aug",'Five year build-up'!$B$13,0) -> 0 | D10: =IF(Assumptions!$B$11="Sep",'Five year build-up'!$B$13,0) -> 0 | E10: =IF(Assumptions!$B$11="Oct",'Five year build-up'!$B$13,0) -> 240000 | F10: =IF(Assumptions!$B$11="Nov",'Five year build-up'!$B$13,0) -> 0 | G10: =IF(Assumptions!$B$11="Dec",'Five year build-up'!$B$13,0) -> 0 | H10: =IF(Assumptions!$B$11="Jan",'Five year build-up'!$B$13,0) -> 0 | I10: =IF(Assumptions!$B$11="Feb",'Five year build-up'!$B$13,0) -> 0 | J10: =IF(Assumptions!$B$11="Mar",'Five year build-up'!$B$13,0) -> 0 | K10: =IF(Assumptions!$B$11="Apr",'Five year build-up'!$B$13,0) -> 0 | L10: =IF(Assumptions!$B$11="May",'Five year build-up'!$B$13,0) -> 0 | M10: =IF(Assumptions!$B$11="Jun",'Five year build-up'!$B$13,0) -> 0 | N10: =SUM(B10:M10) -> 240000
A11: Net cash before interest | B11: =B8-B9-B10 -> -1500 | C11: =C8-C9-C10 -> -61500 | D11: =D8-D9-D10 -> -41500 | E11: =E8-E9-E10 -> -301500 | F11: =F8-F9-F10 -> -37500 | G11: =G8-G9-G10 -> -1500 | H11: =H8-H9-H10 -> -1500 | I11: =I8-I9-I10 -> 5700 | ... M11: =M8-M9-M10 -> -1500 | N11: =SUM(B11:M11) -> -460000
A13: Opening balance | B13: =Assumptions!$B$9 -> 200000 | C13: =B15 -> 198500 | D13: =C15 -> 137000 | E13: =D15 -> 95500 | F13: =E15 -> -206000 | G13: =F15 -> -244787.5 | H13: =G15 -> -247817.42 | I13: =H15 -> -250866.28 | J13: =I15 -> -246734.2 | ... M13: =L15 -> -269184.74
A14: Less interest on borrowing | B14: =MAX(0,-B13)*Assumptions!$B$8/12 -> 0 | C14: =MAX(0,-C13)*Assumptions!$B$8/12 -> 0 | D14: =MAX(0,-D13)*Assumptions!$B$8/12 -> 0 | E14: =MAX(0,-E13)*Assumptions!$B$8/12 -> 0 | F14: =MAX(0,-F13)*Assumptions!$B$8/12 -> 1287.5 | G14: =MAX(0,-G13)*Assumptions!$B$8/12 -> 1529.9219 | H14: =MAX(0,-H13)*Assumptions!$B$8/12 -> 1548.8589 | I14: =MAX(0,-I13)*Assumptions!$B$8/12 -> 1567.9143 | ... M14: =MAX(0,-M13)*Assumptions!$B$8/12 -> 1682.4047 | N14: =SUM(B14:M14) -> 12367.149
A15: Closing balance | B15: =B13+B11-B14 -> 198500 | C15: =C13+C11-C14 -> 137000 | D15: =D13+D11-D14 -> 95500 | E15: =E13+E11-E14 -> -206000 | F15: =F13+F11-F14 -> -244787.5 | G15: =G13+G11-G14 -> -247817.42 | H15: =H13+H11-H14 -> -250866.28 | I15: =I13+I11-I14 -> -246734.2 | ... M15: =M13+M11-M14 -> -272367.15
A16: Borrowing at month end | B16: =MAX(0,-B15) -> 0 | C16: =MAX(0,-C15) -> 0 | D16: =MAX(0,-D15) -> 0 | E16: =MAX(0,-E15) -> 206000 | F16: =MAX(0,-F15) -> 244787.5 | G16: =MAX(0,-G15) -> 247817.42 | H16: =MAX(0,-H15) -> 250866.28 | I16: =MAX(0,-I15) -> 246734.2 | ... M16: =MAX(0,-M15) -> 272367.15
A17: Cumulative net cash (excluding cash put in) | B17: =B15-Assumptions!$B$9 -> -1500 | C17: =C15-Assumptions!$B$9 -> -63000 | D17: =D15-Assumptions!$B$9 -> -104500 | E17: =E15-Assumptions!$B$9 -> -406000 | F17: =F15-Assumptions!$B$9 -> -444787.5 | G17: =G15-Assumptions!$B$9 -> -447817.42 | H17: =H15-Assumptions!$B$9 -> -450866.28 | I17: =I15-Assumptions!$B$9 -> -446734.2 | ... M17: =M15-Assumptions!$B$9 -> -472367.15
A19: Lowest balance in Year 1 | B19: =MIN(B15:M15) -> -273177.39
A20: Month of lowest balance | B20: =INDEX(B4:M4,MATCH(B19,B15:M15,0)) -> Apr

Sheet Five year build-up
A1: Five year build-up
A2: Calculated from the Assumptions sheet. Year 1 balances come from the Year 1 monthly sheet. Amounts in AUD excluding GST.
A4: Item | B4: Year 1 | C4: Year 2 | D4: Year 3 | E4: Year 4 | F4: Year 5 | G4: 5 year total | H4: Notes
A5: Financial year | B5: =Assumptions!B15 -> 2026-27 | C5: =Assumptions!C15 -> 2027-28 | D5: =Assumptions!D15 -> 2028-29 | E5: =Assumptions!E15 -> 2029-30 | F5: =Assumptions!F15 -> 2030-31
A6: ="Units ("&Assumptions!$B$6&") at the year's scale" -> Units (cows) at the year's scale | B6: =Assumptions!$B$7*Assumptions!B16 -> 120 | C6: =Assumptions!$B$7*Assumptions!C16 -> 195 | D6: =Assumptions!$B$7*Assumptions!D16 -> 255 | E6: =Assumptions!$B$7*Assumptions!E16 -> 300 | F6: =Assumptions!$B$7*Assumptions!F16 -> 300 | G6: =F6 -> 300 | H6: Full scale x scale reached %; total column shows Year 5
A7: Margin per unit | B7: =Assumptions!B17 -> 200 | C7: =Assumptions!C17 -> 320 | D7: =Assumptions!D17 -> 420 | E7: =Assumptions!E17 -> 550 | F7: =Assumptions!F17 -> 550
A8: Gross margin | B8: =B6*B7 -> 24000 | C8: =C6*C7 -> 62400 | D8: =D6*D7 -> 107100 | E8: =E6*E7 -> 165000 | F8: =F6*F7 -> 165000 | G8: =SUM(B8:F8) -> 523500
A9: Less extra overheads | B9: =Assumptions!B18 -> 8000 | C9: =Assumptions!C18 -> 10000 | D9: =Assumptions!D18 -> 12000 | E9: =Assumptions!E18 -> 12000 | F9: =Assumptions!F18 -> 12000 | G9: =SUM(B9:F9) -> 54000
A10: Less extra labour | B10: =Assumptions!B19 -> 10000 | C10: =Assumptions!C19 -> 15000 | D10: =Assumptions!D19 -> 20000 | E10: =Assumptions!E19 -> 20000 | F10: =Assumptions!F19 -> 20000 | G10: =SUM(B10:F10) -> 85000
A11: Net operating cash | B11: =B8-B9-B10 -> 6000 | C11: =C8-C9-C10 -> 37400 | D11: =D8-D9-D10 -> 75100 | E11: =E8-E9-E10 -> 133000 | F11: =F8-F9-F10 -> 133000 | G11: =SUM(B11:F11) -> 384500
A12: Less capital costs | B12: =Assumptions!C32 -> 226000 | C12: =Assumptions!D32 -> 40000 | D12: =Assumptions!E32 -> 9000 | E12: =Assumptions!F32 -> 0 | F12: =Assumptions!G32 -> 0 | G12: =SUM(B12:F12) -> 275000
A13: Less stock purchases | B13: =N(Assumptions!B20)*N(Assumptions!B21) -> 240000 | C13: =N(Assumptions!C20)*N(Assumptions!C21) -> 100000 | D13: =N(Assumptions!D20)*N(Assumptions!D21) -> 60000 | E13: =N(Assumptions!E20)*N(Assumptions!E21) -> 0 | F13: =N(Assumptions!F20)*N(Assumptions!F21) -> 0 | G13: =SUM(B13:F13) -> 400000
A14: Net cash before interest | B14: =B11-B12-B13 -> -460000 | C14: =C11-C12-C13 -> -102600 | D14: =D11-D12-D13 -> 6100 | E14: =E11-E12-E13 -> 133000 | F14: =F11-F12-F13 -> 133000 | G14: =SUM(B14:F14) -> -290500
A16: Opening balance | B16: =Assumptions!$B$9 -> 200000 | C16: =B18 -> -272367.15 | D16: =C18 -> -399242.18 | E16: =D18 -> -422856.6 | F16: =E18 -> -316583.34 | H16: Year 1 opens with the cash put in by the existing farm
A17: Less interest on borrowing | B17: ='Year 1 monthly'!N14 -> 12367.149 | C17: =MAX(0,-(C16+C16+C14)/2)*Assumptions!$B$8 -> 24275.036 | D17: =MAX(0,-(D16+D16+D14)/2)*Assumptions!$B$8 -> 29714.414 | E17: =MAX(0,-(E16+E16+E14)/2)*Assumptions!$B$8 -> 26726.745 | F17: =MAX(0,-(F16+F16+F14)/2)*Assumptions!$B$8 -> 18756.251 | G17: =SUM(B17:F17) -> 111839.59 | H17: Year 1 from the monthly sheet; later years on the average balance
A18: Closing balance | B18: =B16+B14-B17 -> -272367.15 | C18: =C16+C14-C17 -> -399242.18 | D18: =D16+D14-D17 -> -422856.6 | E18: =E16+E14-E17 -> -316583.34 | F18: =F16+F14-F17 -> -202339.59
A19: Borrowing at year end | B19: =MAX(0,-B18) -> 272367.15 | C19: =MAX(0,-C18) -> 399242.18 | D19: =MAX(0,-D18) -> 422856.6 | E19: =MAX(0,-E18) -> 316583.34 | F19: =MAX(0,-F18) -> 202339.59
A20: Cumulative net cash (excluding cash put in) | B20: =B18-Assumptions!$B$9 -> -472367.15 | C20: =C18-Assumptions!$B$9 -> -599242.18 | D20: =D18-Assumptions!$B$9 -> -622856.6 | E20: =E18-Assumptions!$B$9 -> -516583.34 | F20: =F18-Assumptions!$B$9 -> -402339.59
A21: Payback helper (year number once cumulative is zero or better) | B21: =IF(B20>=0,1,99) -> 99 | C21: =IF(C20>=0,2,99) -> 99 | D21: =IF(D20>=0,3,99) -> 99 | E21: =IF(E20>=0,4,99) -> 99 | F21: =IF(F20>=0,5,99) -> 99 | H21: 99 = not yet paid back
A23: Results | B23: Value | H23: Notes
A24: Peak funding needed (cash put in plus borrowing) | B24: =MAX(0,-MIN(MIN('Year 1 monthly'!B17:M17),MIN(B20:F20))) -> 622856.6 | H24: Largest cumulative cash outflow
A25: Peak borrowing | B25: =MAX(MAX('Year 1 monthly'!B16:M16),MAX(B19:F19)) -> 422856.6 | H25: After the cash put in
A26: Payback year | B26: =IF(MIN(B21:F21)<99,"Year "&MIN(B21:F21)&" ("&INDEX(B5:F5,MIN(B21:F21))&")",IF((F14-F17)<=0,"Does not pay back on Year 5 figures","About year "&(5+ROUNDUP(-F20/(F14-F17),0))&" (estimate)")) -> About year 9 (estimate) | H26: Beyond Year 5 the estimate assumes Year 5 net cash after interest continues
A27: Cumulative net cash at end of Year 5 | B27: =F20 -> -402339.59
A28: Value of stock at end of Year 5 (for reference) | B28: =F6*Assumptions!$B$12 -> 600000 | H28: Units x value per unit; not counted in payback
A30: Check: Year 1 closing balance less monthly June closing | B30: =B18-'Year 1 monthly'!M15 -> 0 | H30: Should be zero. If not, check the Year 1 margin % adds to 100%.
